 Seeded DCSS version 0.30.1-9-gdf580d7c3d (webtiles) character file.

Game seed: 6351066067085065685 (custom seed)

3257 Esekla the Thaumaturge (level 9, 0/45 HPs)
             Began as a Deep Elf Wanderer on Sept 24, 2023.
             Was an Elder of Vehumet.
             Killed from afar by a steam dragon (23 damage)
             ... with a ball of steam
             ... on level 8 of the Dungeon.
             The game lasted 00:50:04 (6090 turns).

Esekla the Thaumaturge (Deep Elf Wanderer)          Turns: 6090, Time: 00:50:04

Health: 0/45       AC:  5    Str: 11      XL:     9   Next: 67%
Magic:  24/27      EV: 12    Int: 23      God:    Vehumet [****..]
Gold:   457        SH:  4    Dex: 10 (11) Spells: 18/32 levels left

rFire   . . .        c - +4 scimitar
rCold   . . .        d - +0 buckler
rNeg    . . .        C - +0 robe
rPois   .            k - +0 helmet
rElec   .            E - +0 cloak
rCorr   .            j - +0 pair of gloves
SInv    .            (no boots)
Will    .....        y - amulet of magic regeneration
Stlth   ++           (no ring)
HPRegen 0.27/turn    (no ring)
MPRegen 0.60/turn

%: no passive effects
@: no status effects
A: no striking features
a: Renounce Religion


You were on level 8 of the Dungeon.
You worshipped Vehumet.
Vehumet was greatly pleased with you.
You visited 1 branch of the dungeon, and saw 8 of its levels.

You collected 457 gold pieces.

Inventory:

Hand Weapons
 a - a +2 vampiric dagger
 c - a +4 scimitar (weapon)
 r - a +4 trident of venom
 s - the +5 rapier of the Hero {heavy, rN+ Dex+3}
   (You found it on level 3 of the Dungeon)

   Dex:       It affects your dexterity (+3).
   rN:        It protects you from negative energy.
Missiles
 w - 28 poisoned darts (quivered)
 I - 5 curare-tipped darts
Armour
 d - a +0 buckler (worn)
 j - a +0 pair of gloves (worn)
 k - a +0 helmet (worn)
 C - a +0 robe (worn)
 E - a +0 cloak (worn)
Jewellery
 y - an amulet of magic regeneration (around neck)
Wands
 o - a wand of roots (19)
 A - a wand of flame (12)
 G - a wand of mindburst (7)
Scrolls
 g - a scroll of torment {unknown}
 m - a scroll of amnesia
 n - a scroll of enchant armour
 q - a scroll of fog
 u - 5 scrolls of blinking {unknown}
 v - 3 scrolls of noise {unknown}
 x - 3 scrolls of enchant weapon {unknown}
 z - a scroll of magic mapping
 B - a scroll of fear
 D - a scroll of silence
 F - a scroll of poison
 H - 2 scrolls of teleportation
Potions
 b - 2 potions of lignification
 e - 3 potions of ambrosia {unknown}
 f - 6 potions of attraction {unknown}
 h - 2 potions of heal wounds
 i - 6 potions of curing
 l - a potion of mutation {unknown}
 p - 2 potions of haste {unknown}
 t - 2 potions of brilliance


   Skills:
 + Level 2.8 Short Blades
 + Level 0.3(1.5) Long Blades
 + Level 0.9 Throwing
 * Level 5.2 Dodging
 + Level 3.5 Stealth
 + Level 2.0 Shields
 * Level 12.0 Spellcasting
 * Level 4.5 Conjurations
 * Level 7.5 Necromancy
 + Level 4.2 Translocations
 + Level 1.0 Invocations
 + Level 0.1 Evocations


You had 18 spell levels left.
You knew the following spells:

 Your Spells              Type           Power      Damage    Failure   Level
b - Blink                 Tloc           66%        N/A       1%          2
d - Vampiric Draining     Necr           48%        2d9       1%          3
e - Searing Ray           Conj           68%        2d6       1%          2
n - Ignite Poison         Fire/Tmut/Pois 13%        N/A       5%          3
p - Apportation           Tloc           66%        N/A       1%          1
t - Teleport Other        Tloc           33%        N/A       3%          3

Your spell library contained the following spells:

 Spells                   Type           Power      Damage    Failure   Level
 Flame Wave               Conj/Fire      24%        2d8       7%          4
 Magic Dart               Conj           100%       1d8       1%          1
 Lesser Beckoning         Tloc           66%        N/A       1%          2
 Gell's Gravitas          Tloc           33%        N/A       3%          3
 Spider Form              Tmut/Pois      13%        N/A       19%         3
 Cause Fear               Hex            6%         N/A       54%         4
 Summon Mana Viper        Hex/Summ       13%        N/A       87%         5


Dungeon Overview and Level Annotations

Branches:
Dungeon (8/15)             Temple (0/1) D:6
   Lair: D:8-11

Altars:
Dithmenos
Fedhas
Hepliaklqana
Okawaru
Qazlal
Trog
Vehumet
Zin
The Shining One

Shops:
D:2 =   D:4 (

Annotations:
D:2 black bear


Message History

The searing ray hits the white imp.
The white imp is moderately wounded. (Press . to maintain the ray.)
An orc comes into view. It is wielding a +0 dagger.
The white imp sputters.
The white imp gestures at you. The puff of frost hits you!
The searing ray misses the white imp.
An orc comes into view.
It is wielding a +1 falchion of draining.
The orc wizard casts a spell at you. The magic dart hits you.
The white imp gestures at you. The puff of frost hits you!
The searing ray hits the white imp.
The white imp is heavily wounded.
The searing ray hits the white imp!
You kill the white imp!
Vehumet accepts your kill.
You finish channelling your searing ray.
The orc misses you.
An orc comes into view. It is wielding a +0 club.
Casting: Searing Ray (safe; 1% risk of failure)
Confirm with . or Enter, or press ? or * to list all spells.
Aiming: Vampiric Draining (safe; 1% risk of failure)
Press: ? - help, Shift-Dir - straight line, f - orc
Aim: an orc, wielding a +0 mace You draw life force from the orc!
You kill the orc!
Vehumet accepts your kill.
You feel your power returning.
You feel life coursing into your body.
The orc shouts!
A shadow imp comes into view.
An orc priest comes into view. It is wielding a +0 club.
A steam dragon comes into view.
The orc wizard casts a spell at you. The puff of flame hits you.
The steam dragon breathes steam at you. The ball of steam hits you!!
Ouch! That really hurt!
You die...

...##......♣..♣...###.......
#......###.......#.#..5....
###.#...........D..#.......
#...).##♣.♣......#)...###
#####)# ##...§..).o.....
#....## #...§.ooo.#.##
#.##.)####..§...∩.......
#.#...<.##..§.........##
#.##.##)##..@......##.#
#.##.##...###...##....#
#.##.####.# ##### .###
#.##)# #.# .# #.##)# #.# ..
#..... #.# ..... #.#
..8....... .8...8...##


You could see an orc wizard, a shadow imp and 3 orcs.

Vanquished Creatures
  Pikel (D:6)
  Joseph (D:7)
  A wyvern (D:7)
  Menkaure (D:7)
  An ice beast (D:6)
  A sky beast (D:6)
  A black bear (D:6)
  2 ogres
  A centaur (D:7)
  A phantom (D:7)
  Blork the orc (D:6)
  2 kobold brigands
  A gnoll sergeant (D:6)
  A bullfrog (D:7)
  2 scorpions (D:5)
  3 wights (D:7)
  2 quasits (D:8)
  A gnoll bouda (D:4)
  6 hounds
  A jelly (D:6)
  Crazy Yiuf (D:7)
  An orc priest (D:8)
  A sleepcap (D:5)
  5 iguanas
  2 orc wizards
  14 gnolls
  8 adders
  A shadow imp (D:8)
  6 white imps
  4 ufetubi
  A worm (D:4)
  3 dart slugs
  25 orcs
  4 endoplasms
  8 goblins
  5 hobgoblins
  A quokka (D:1)
  6 ball pythons
  4 bats
  4 frilled lizards
  14 kobolds
  A rat (D:2)
150 creatures vanquished.

Notes
Turn   | Place    | Note
-------+----------+-------------------------------------------
     0 | D:1      | Esekla the Deep Elf Wanderer began the quest for the Orb.
     0 | D:1      | Esekla set off with the following items: a +0 club, a
                  | potion of lignification, a +0 robe, a +0 buckler; and the
                  | following spells available to memorise: Apportation, Blink,
                  | Lesser Beckoning, Magic Dart, Ignite Poison, Vampiric
                  | Draining.
     0 | D:1      | Reached XP level 1. HP: 10/10 MP: 7/7
     2 | D:1      | Learned a level 1 spell: Magic Dart
     4 | D:1      | Learned a level 1 spell: Apportation
   240 | D:2      | Found Renulab's Jewellery Shop.
   401 | D:4      | Found a radiant altar of Vehumet.
   405 | D:4      | Became a worshipper of Vehumet
   418 | D:4      | Found an iron altar of Okawaru.
   429 | D:4      | Found a glowing silver altar of Zin.
   665 | D:3      | Reached skill level 1 in Dodging
   665 | D:3      | Reached XP level 2. HP: 15/15 MP: 4/9
   668 | D:3      | Learned a level 2 spell: Blink
   915 | D:1      | Reached skill level 1 in Necromancy
  1003 | D:1      | Reached skill level 5 in Spellcasting
  1160 | D:1      | Reached XP level 3. HP: 16/19 MP: 8/11
  1164 | D:1      | Learned a level 3 spell: Ignite Poison
  1168 | D:1      | Learned a level 3 spell: Vampiric Draining
  1227 | D:1      | Reached * piety under Vehumet
  1227 | D:1      | Offered knowledge of Sandblast by Vehumet.
  1693 | D:3      | Reached XP level 4. HP: 21/24 MP: 3/13
  1694 | D:3      | Identified the +5 rapier of the Hero {heavy, rN+ Dex+3}
  2154 | D:3      | Found a stormy altar of Qazlal.
  2176 | D:3      | Reached skill level 6 in Spellcasting
  2233 | D:3      | Found a bloodstained altar of Trog.
  2235 | D:3      | Found a hazy altar of Hepliaklqana.
  2442 | D:2      | Noticed a black bear
  2517 | D:2      | Found a faded altar of an unknown god.
  2546 | D:2      | Reached skill level 1 in Short Blades
  2546 | D:2      | Reached XP level 5. HP: 25/28 MP: 9/15
  2777 | D:4      | Found Ponaysk's Antique Weapon Boutique.
  2792 | D:4      | You fall into a shaft and drop 1 floor!
  2792 | D:5      | Entered Level 5 of the Dungeon
  2839 | D:5      | Found a shadowy altar of Dithmenos.
  2867 | D:5      | Got the Parchment of the Lumpy Olives
  3007 | D:5      | Reached skill level 7 in Spellcasting
  3007 | D:5      | Reached XP level 6. HP: 32/32 MP: 18/18
  3189 | D:6      | Noticed an ice beast
  3248 | D:4      | Learned a level 3 spell: Teleport Other
  3248 | D:4      | Upgraded the game from 0.30.1-8-g117510f58f to
                  | 0.30.1-9-gdf580d7c3d
  3256 | D:4      | Found a glowing golden altar of the Shining One.
  3478 | D:4      | Reached ** piety under Vehumet
  3481 | D:4      | Offered knowledge of Searing Ray by Vehumet.
  3485 | D:4      | Learned a level 2 spell: Searing Ray
  3823 | D:5      | Reached XP level 7. HP: 35/36 MP: 14/19
  3830 | D:5      | Reached skill level 1 in Conjurations
  4226 | D:7      | Found a runed translucent door.
  4227 | D:7      | Noticed Crazy Yiuf
  4234 | D:7      | Killed Crazy Yiuf
  4263 | D:7      | Reached skill level 8 in Spellcasting
  4290 | D:7      | Noticed a wyvern
  4299 | D:7      | Killed a wyvern
  4337 | D:7      | Noticed Menkaure
  4344 | D:7      | Killed Menkaure
  4345 | D:7      | Reached XP level 8. HP: 41/41 MP: 15/22
  4397 | D:7      | Reached skill level 9 in Spellcasting
  4397 | D:7      | Reached skill level 5 in Necromancy
  4603 | D:6      | Found a blossoming altar of Fedhas.
  4622 | D:6      | Offered knowledge of Momentum Strike by Vehumet.
  4873 | D:6      | Found a staircase to the Ecumenical Temple.
  4956 | D:6      | Reached skill level 10 in Spellcasting
  5206 | D:6      | Reached *** piety under Vehumet
  5444 | D:7      | Reached XP level 9. HP: 45/45 MP: 25/25
  5511 | D:7      | Noticed Joseph
  5653 | D:6      | Noticed Blork the orc
  5667 | D:6      | Killed Blork the orc
  5683 | D:6      | Noticed Pikel
  5701 | D:6      | Killed Pikel
  5702 | D:6      | Reached skill level 11 in Spellcasting
  5930 | D:7      | Killed Joseph
  5931 | D:7      | Reached skill level 5 in Dodging
  5964 | D:8      | Offered knowledge of Flame Wave by Vehumet.
  6062 | D:8      | Reached **** piety under Vehumet
  6081 | D:8      | Reached skill level 12 in Spellcasting
  6090 | D:8      | Killed from afar by a steam dragon

Illustrated notes

Levels and vault maps discovered:
D:1:      sevenhm_arrival_forest_fort_small_3, layout_rooms,
          chequers_serial_rivers_room_b, minmay_misc_feat_five
D:2:      layout_loops_ring, dreamdust_ecumenical_altar_angels_and_demons,
          serial_shops, shop
D:3:      layout_basic, grunt_temple_overflow_open, minmay_misc_feat_iff
D:4:      layout_basic, nicolae_overflow_quartered_altars, serial_shops,
          nicolae_diamond_shop
D:5:      layout_loops_ring, lemuel_doored_altar, minmay_misc_feat_rows,
          dreamdust_wishing_well
D:6:      layout_loops_cross, fedhas_altar_fruit_tree,
          minmay_temple_entry_glass, uniq_pikel, uniq_blork_the_orc
D:7:      layout_basic, uniq_menkaure, uniq_joseph, uniq_crazy_yiuf_cottage
D:8:      layout_basic, nicolae_uskayaw_dance_hall, serial_demonic,
          serial_demonic_d, serial_demonic_a, serial_demonic_c,
          serial_demonic_c, nicolae_diode_quadrants

Skill      XL: |  1  2  3  4  5  6  7  8  9 |
---------------+----------------------------+-----
Dodging        | 1 2 3 4 5 |  5.2
Necromancy     | 1 2 3 4 6 7 |  7.5
Spellcasting   | 5 6 7 8 10 12 | 12.0
Short Blades   | 1 2 |  2.8
Stealth        | 3 |  3.5
Conjurations   | 2 3 4 |  4.5
Translocations | 3 4 |  4.2
Shields        | 2 |  2.0
Long Blades    | |  0.3
Throwing       | |  0.9
Invocations    | |  1.0
Evocations     | |  0.1

Action                     |  1- 3 |  4- 6 |  7- 9 || total
---------------------------+-------+-------+-------++-------
  Melee: Short sword       |    76 |    41 |       ||   117
         Rapier            |       |    31 |    21 ||    52
         Dagger            |       |    19 |    36 ||    55
         Scimitar          |       |       |    10 ||    10
  Throw: Dart              |       |    13 |    13 ||    26
   Cast: Apportation       |    20 |    18 |    33 ||    71
         Magic Dart        |    51 |    33 |       ||    84
         Blink             |     1 |     1 |       ||     2
         Vampiric Draining |     2 |    16 |    48 ||    66
         Searing Ray       |       |     3 |    35 ||    38
         Teleport Other    |       |       |    10 ||    10
  Evoke: Wand              |       |       |     7 ||     7
    Use: Scroll            |     1 |       |    12 ||    13
         Potion            |       |       |     2 ||     2
   Stab: Sleeping          |       |     4 |     4 ||     8
 Armour: Robe              |    40 |    12 |    36 ||    88
  Dodge: Dodged            |    54 |    39 |    94 ||   187
  Block: Buckler           |    16 |    21 |    34 ||    71
